 Dungeon Crawl Stone Soup version 0.28.0 (webtiles) character file.

Game seed: 948905029894912788

9454 Findor the Carver (level 11, -2/84 HPs)
             Began as a Barachi Fighter on Feb 12, 2022.
             Was an Elder of Cheibriados.
             Slain by Gastronok (27 damage)
             ... on level 1 of the Lair of Beasts.
             The game lasted 00:25:17 (10218 turns).

Findor the Carver (Barachi Fighter)                Turns: 10218, Time: 00:25:17

Health: -2/84      AC: 16    Str: 30    XL:     11   Next: 46%
Magic:  23/23      EV: 12    Int: 17    God:    Cheibriados [****..]
Gold:   406        SH:  8    Dex: 22    Spells: 10/10 levels left

rFire   + . .      SeeInvis .   a - +2 scimitar (vamp) {!w}
rCold   . . .      Faith    .   C - +1 buckler {AC+3}
rNeg    . . .      Spirit   .   E - +1 chain mail {rF+}
rPois   +          Reflect  .   (no helmet)
rElec   .          Harm     .   (no cloak)
rCorr   .          Rampage  .   D - +0 pair of gloves
Will    .....                   (no boots)
Stlth   ..........              f - amulet of regeneration
HPRegen 1.04/turn               k - ring of magical power
MPRegen 0.18/turn               y - ring of poison resistance

@: silenced, very slow
A: amphibious, slowness 1, strong legs 1, +LOS
a: Hop, Renounce Religion


You were on level 1 of the Lair of Beasts.
You worshipped Cheibriados.
Cheibriados was greatly pleased with you.
You visited 3 branches of the dungeon, and saw 11 of its levels.

You collected 406 gold pieces.


Innate Abilities, Weirdness & Mutations

You are amphibious.
You cover ground slowly.
You can hop short distances.
You have an extended range of vision and can be seen from far away.


   Skills:
 + Level 7.3 Fighting
 + Level 14.4 Long Blades
 + Level 8.1 Armour
 + Level 5.7 Dodging
 + Level 7.9 Shields
 + Level 4.9 Invocations


You had 10 spell levels left.
You didn't know any spells.
Your spell library contained the following spells:

 Spells                   Type           Power      Damage    Failure   Level
 Beastly Appendage        Tmut           0%         N/A       77%         1
 Sublimation of Blood     Necr           0%         N/A       88%         2
 Wereblood                Tmut           0%         N/A       88%         2
 Gell's Gravitas          Tloc           0%         N/A       98%         3
 Lesser Beckoning         Tloc           0%         N/A       98%         3
 Spider Form              Tmut/Pois      0%         N/A       98%         3
 Teleport Other           Tloc           0%         N/A       98%         3
 Hailstorm                Conj/Ice       0%         3d3       100%        4
 Ice Form                 Ice/Tmut       0%         N/A       100%        4
 Simulacrum               Ice/Necr       0%         N/A       100%        6
 Summon Hydra             Summ           0%         N/A       100%        7

Inventory:

Hand Weapons
 a - a +2 vampiric scimitar (weapon) {!w}
   (You took it off an orc warrior on level 9 of the Dungeon)
 b - a +5 short sword of venom
   (You took it off Duvessa on level 6 of the Dungeon)
 o - a +1 long sword
Missiles
 c - a throwing net {!f}
 m - 3 datura-tipped darts
 s - 2 curare-tipped darts
Armour
 C - a +1 buckler of protection (worn)
   (You took it off a gnoll sergeant on level 8 of the Dungeon)
 D - a +0 pair of gloves (worn)
   (You found it on level 9 of the Dungeon)
 E - a +1 chain mail of fire resistance (worn)
   (You took it off an orc on level 9 of the Dungeon)
Jewellery
 f - an amulet of regeneration (around neck)
   (You found it on level 3 of the Dungeon)
 k - a ring of magical power (left hand)
   (You found it on level 2 of the Dungeon)
 n - a +6 ring of dexterity
   (You found it on level 9 of the Dungeon)
 y - a ring of poison resistance (right hand)
   (You found it on level 6 of the Dungeon)
 G - a ring of protection from cold
   (You found it on level 9 of the Dungeon)
Wands
 d - a wand of iceblast (4)
   (You found it on level 2 of the Dungeon)
 t - a wand of flame (9)
   (You found it on level 7 of the Dungeon)
 u - a wand of paralysis (4)
   (You took it off Psyche on level 8 of the Dungeon)
 v - a wand of charming (12)
   (You found it on level 5 of the Dungeon)
 x - a wand of acid (7)
   (You found it on level 5 of the Dungeon)
Scrolls
 e - 3 scrolls of enchant weapon
 g - 3 scrolls of identify {@r1}
 h - a scroll of vulnerability {!r}
 r - 2 scrolls of noise {!r}
 w - 2 scrolls of magic mapping
 A - a scroll of teleportation {@r4}
 H - a scroll of immolation {!r}
Potions
 i - a potion of might
 l - a potion of magic
 p - 2 potions of brilliance
 z - 2 potions of berserk rage
 F - a potion of flight {unknown}
Miscellaneous
 B - a phantom mirror
   (You found it on level 4 of the Dungeon)


Message History

The yak gores you but does no damage. The yak gores you but does no damage.
The yak gores you but does no damage. The yak gores you but does no damage.
The yak gores you! The yak gores you. You block the yak's attack.
The yak misses you.
Gastronok bubbles merrily.
The yak gores you! The yak closely misses you.
You slash the yak!
You feel better.
You kill the yak!
Cheibriados thoroughly appreciates the change of pace.
Gastronok waves his eye-stalks in wide circles.
The air twists around and strikes you.
You completely miss Gastronok.
Gastronok waves his eye-stalks in wide circles.
The air twists around and strikes you!!
* * * LOW HITPOINT WARNING * * *
Unknown command.
You hit Gastronok but do no damage. You slash Gastronok!
You completely miss Gastronok.
Gastronok waves his eye-stalks in wide circles.
The air twists around and strikes you!!
* * * LOW HITPOINT WARNING * * *
Okay, then.
Okay, then.
Okay, then.
As you read the scroll of silence, it crumbles to dust.
A profound silence engulfs you.
You slash Gastronok!
You feel better. Gastronok bites you!!
* * * LOW HITPOINT WARNING * * *
You feel better.
You feel better. Gastronok bites you but does no damage.
You slash Gastronok! You barely miss Gastronok. You slash Gastronok!
Gastronok bites you!
* * * LOW HITPOINT WARNING * * *
You feel better.
You hit Gastronok.
You feel better. Gastronok bites you but does no damage.
You slice Gastronok!!
You feel better.
You slash Gastronok! You slice Gastronok!! Gastronok bites you!
* * * LOW HITPOINT WARNING * * *
You hit Gastronok.
You feel better.
You slash Gastronok! You hit Gastronok.
You feel better. Gastronok bites you!!
You die...

............................
........###..#P####)#.......
##...... ###### ###.......
....... #..#.##. #.w... #..#
.# ..#..... #..# .. .#......
##### #..# .
........#######.#.###..####.
........†.w@................
$.......##P##.##............
.......# #######.....†).....
......# #....††.#.##. #.....
#.....##### #.... #P.....#
#... ##......# .... #.....##
#.. #......


You could see Gastronok.

Vanquished Creatures
  A hydra (D:6)
  2 cane toads (Lair:1)
  Psyche (D:8)
  A wraith (D:9)
  Sigmund (D:3)
  20 yaks
  Grum (D:8)
  A steam dragon (D:7)
  2 water moccasins
  Duvessa (D:6)
  5 orc warriors
  The ghost of Descartes the Ruffian, an amateur TrWr (D:4)
  A black bear (D:5)
  3 centaurs
  A necrophage (D:7)
  An ogre (D:7)
  7 wolves
  The ghost of Veteran the Conjurer, an amateur DECj (D:4)
  2 kobold brigands
  A bullfrog (D:5)
  A gnoll sergeant (D:8)
  A wyvern skeleton (D:5)
  A water moccasin skeleton (D:6)
  Dowan (D:6)
  6 killer bees (D:8)
  5 wights
  The ghost of aoei the Grave Robber, a weakling HONe (D:4)
  6 howler monkeys
  An electric eel (Lair:1)
  A bullfrog zombie (D:5)
  A centaur zombie (D:7)
  6 hounds
  4 jellies
  6 orc priests
  2 centaur skeletons (D:7)
  12 orc wizards
  Natasha (twice) (D:3)
  2 iguanas
  A hound skeleton (D:5)
  5 gnolls (D:8)
  12 adders
  A shadow imp (D:8)
  2 white imps (D:8)
  A worm (D:4)
  2 dart slugs
  31 orcs
  A bat zombie (D:7)
  5 endoplasms
  4 giant cockroaches
  4 goblins
  3 hobgoblins
  5 quokkas
  A ball python (D:2)
  3 bats
  3 frilled lizards
  16 kobolds
  5 rats
218 creatures vanquished.

Vanquished Creatures (others)
  2 fungi (Lair:1)
  3 plants (Lair:1)
5 creatures vanquished.

Grand Total: 223 creatures vanquished

Notes
Turn   | Place    | Note
-------+----------+-------------------------------------------
     0 | D:1      | Findor the Barachi Fighter began the quest for the Orb.
     0 | D:1      | Reached XP level 1. HP: 18/18 MP: 1/1
   117 | D:1      | Reached skill level 3 in Long Blades
   189 | D:1      | Reached XP level 2. HP: 24/24 MP: 2/2
   661 | D:1      | Found a faded altar of an unknown god.
   865 | D:2      | Reached skill level 4 in Long Blades
   865 | D:2      | Reached XP level 3. HP: 29/29 MP: 3/3
   938 | D:2      | Identified the +1 ring mail of the Tuna {Int+3}
  1511 | D:2      | Reached XP level 4. HP: 24/36 MP: 4/4
  2012 | D:3      | Reached skill level 5 in Long Blades
  2057 | D:3      | Reached XP level 5. HP: 35/41 MP: 5/5
  2161 | D:3      | Noticed Sigmund
  2166 | D:3      | Killed Sigmund
  2167 | D:3      | Reached skill level 6 in Long Blades
  2167 | D:3      | Reached XP level 6. HP: 47/47 MP: 6/6
  2328 | D:3      | Noticed Natasha
  2333 | D:3      | Killed Natasha
  2349 | D:3      | Noticed Natasha
  2360 | D:3      | Killed Natasha
  2505 | D:4      | Found a burning altar of Makhleb.
  2628 | D:4      | Reached skill level 7 in Long Blades
  2628 | D:4      | Reached XP level 7. HP: 47/52 MP: 7/7
  2827 | D:4      | Found a bloodstained altar of Trog.
  2915 | D:4      | Found a sacrificial altar of Ru.
  2988 | D:4      | Found a runed translucent gate.
  2988 | D:4      | Found a runed translucent gate.
  2989 | D:4      | Found a runed translucent gate.
  2990 | D:4      | Noticed Veteran's ghost (amateur DECj)
  2990 | D:4      | Noticed aoei's ghost (weakling HONe)
  2990 | D:4      | Noticed Descartes's ghost (amateur TrWr)
  3021 | D:4      | Found an ornate altar of the Wu Jian Council.
  3081 | D:4      | Found a shimmering altar of Xom.
  3376 | D:5      | Entered Level 5 of the Dungeon
  3482 | D:5      | Reached skill level 8 in Long Blades
  3563 | D:5      | Found a runed translucent door.
  3564 | D:5      | Noticed Ijustatesigmund's ghost (novice GrFi)
  3605 | D:5      | Reached skill level 9 in Long Blades
  3706 | D:5      | Found a stormy altar of Qazlal.
  3707 | D:5      | Noticed an air elemental
  3707 | D:5      | Noticed a water elemental
  3708 | D:5      | Noticed a fire elemental
  3815 | D:5      | Reached XP level 8. HP: 48/59 MP: 8/8
  4003 | D:6      | Noticed Dowan
  4026 | D:6      | Killed Dowan
  4027 | D:6      | Reached skill level 10 in Long Blades
  4033 | D:6      | Noticed Duvessa
  4041 | D:6      | HP: 11/59 [poisoned by Duvessa]
  4042 | D:6      | Killed Duvessa
  4045 | D:6      | HP: 4/88 [poisoned by Duvessa]
  4389 | D:6      | Reached skill level 11 in Long Blades
  4569 | D:6      | Noticed an eight-headed hydra
  4640 | D:7      | Reached skill level 12 in Long Blades
  4711 | D:7      | Reached XP level 9. HP: 62/64 MP: 9/9
  4744 | D:7      | Found a staircase to the Ecumenical Temple.
  4751 | Temple   | Entered the Ecumenical Temple
  5015 | Temple   | Became a worshipper of Cheibriados the Contemplative
  5431 | D:7      | Reached skill level 13 in Long Blades
  5666 | D:7      | Found an ancient bone altar of Kikubaaqudgha.
  6167 | D:8      | Noticed Grum
  6179 | D:8      | HP: 11/58 [Grum (4)]
  6180 | D:8      | Killed Grum
  6180 | D:8      | Reached * piety under Cheibriados
  6278 | D:8      | Noticed Psyche
  6413 | D:8      | Reached skill level 14 in Long Blades
  6413 | D:8      | Reached skill level 1 in Dodging
  6415 | D:8      | Reached skill level 1 in Invocations
  6444 | D:8      | Reached XP level 10. HP: 34/73 MP: 11/11
  6453 | D:8      | Reached skill level 6 in Shields
  6503 | D:8      | Reached skill level 6 in Armour
  6625 | D:8      | Killed Psyche
  6626 | D:8      | Reached skill level 3 in Dodging
  6633 | D:8      | Reached ** piety under Cheibriados
  6651 | D:8      | Found a staircase to the Lair.
  7145 | D:6      | Killed an eight-headed hydra
  7146 | D:6      | Reached skill level 3 in Invocations
  8165 | D:4      | Killed aoei's ghost
  8186 | D:4      | Killed Descartes's ghost
  8190 | D:4      | Killed Veteran's ghost
  8326 | D:8      | Reached skill level 6 in Fighting
  8549 | D:8      | Reached *** piety under Cheibriados
  9053 | D:9      | Found the +8 trident of the Octopus King {venom, rElec
                  | rPois}
  9059 | D:9      | Found an iron altar of Okawaru.
  9104 | D:9      | Found a shadowy altar of Dithmenos.
  9126 | D:9      | HP: 12/77 [centaur (4)]
  9348 | D:9      | Reached XP level 11. HP: 83/83 MP: 14/14
  9977 | Lair:1   | Entered Level 1 of the Lair of Beasts
 10102 | Lair:1   | Reached **** piety under Cheibriados
 10171 | Lair:1   | Noticed Gastronok
 10203 | Lair:1   | HP: 16/84 [Gastronok/the air (22)]
 10205 | Lair:1   | HP: 2/84 [Gastronok (28)]
 10210 | Lair:1   | HP: 12/84 [Gastronok (9)]
 10218 | Lair:1   | Slain by Gastronok

Levels and vault maps discovered:
D:1:      lightli_arrival_isolated_outpost, layout_rooms,
          hellmonk_ecumenical_altar_heavens_door
D:2:      layout_loops_cross
D:3:      layout_basic, uniq_sigmund, uniq_natasha
D:4:      layout_loops_ring, mainiacjoe_overflow_surrounded_room,
          old_standard_altar, mainiacjoe_overflow_catch_the_wave,
          mainiacjoe_overflow_paths, gammafunk_ghost_cemetery
D:5:      layout_basic, nicolae_qazlal_style_of_elements,
          ebering_ghost_inner_flame, hangedman_decor_lopped
D:6:      layout_basic, uniq_duvessa
D:7:      layout_basic, lemuel_zombie_altar_kikubaaqudgha, temple_green
D:8:      layout_rooms, lair_entry_dummy, uniq_psyche, uniq_grum
D:9:      layout_cave_pods, lemuel_doored_altar, lemuel_crystal_altar
Temple:   nicolae_temple_figure_eight
Lair:1:   layout_chaotic_city, serial_bayou_lagoon_b, grunt_megastairs_1,
          uniq_gastronok, uniq_erica

Action                   |  1- 3 |  4- 6 |  7- 9 | 10-12 || total
-------------------------+-------+-------+-------+-------++-------
Melee: Long sword        |    88 |    96 |   357 |   167 ||   708
       Short sword       |       |       |    39 |   128 ||   167
       Scimitar          |       |       |       |   159 ||   159
Invok: Temporal Distorti |       |       |       |     2 ||     2
       Bend Time         |       |       |       |     1 ||     1
 Abil: Hop               |       |       |     4 |     3 ||     7
Evoke: Wand              |       |     4 |     5 |     8 ||    17
  Use: Scroll            |     1 |       |     5 |     8 ||    14
       Potion            |       |     4 |     6 |     5 ||    15
Armor: Scale mail        |    42 |       |       |       ||    42
       Plate armour      |       |    77 |   206 |   125 ||   408
       Skin              |       |       |    16 |     9 ||    25
       Chain mail        |       |       |       |    42 ||    42
Dodge: Dodged            |    41 |    13 |   107 |   161 ||   322
Block: Buckler           |    25 |    19 |    94 |   144 ||   282
